 Dungeon Crawl Stone Soup version 0.16-a0-253-g996e5b4 (webtiles) character file.

125 Badjas the Grave Robber (level 4, -9/31 HPs)
             Began as a Demonspawn Necromancer on Aug 23, 2014.
             Mangled by a gnoll
             ... wielding a cursed +0 halberd
              (10 damage)
             ... on Level 3 of the Dungeon.
             The game lasted 00:11:04 (2076 turns).

Badjas the Grave Robber (Demonspawn Necromancer)    Turns: 2076, Time: 00:11:05

HP  -9/31        AC  5     Str  8      XL: 4   Next: 82%
MP   3/9         EV  9     Int 18      God:
Gold 39          SH  0     Dex 13      Spells:  3 memorised,  4 levels left

rFire  + . .     SeeInvis .     e - +0 short sword (vamp)
rCold  + . .     Clarity  .     l - +0 ring mail {rC+}
rNeg   . . .     rCorr    .     (no shield)
rPois  .         rRot     .     (no helmet)
rElec  .         Spirit   .     (no cloak)
SustAb .         Warding  .     (no gloves)
rMut   .         Stasis   .     (no boots)
Gourm  .                        (no amulet)
MR     .....                    (no ring)
                                (no ring)

@: very slightly contaminated, not resistant to hostile enchantments, very
unstealthy
A: talons 1, demonic guardian 1, fire resistance 1
a: no special abilities


You were on level 3 of the Dungeon.
You were not hungry.

You visited 1 branch of the dungeon, and saw 3 of its levels.

You collected 39 gold pieces.

Inventory:

Hand weapons
 e - a +0 vampiric short sword (weapon)
Armour
 a - a +0 robe
 l - a +0 ring mail of cold resistance (worn)
Magical devices
 p - a wand of invisibility (5) {unknown}
Comestibles
 c - a beef jerky
 h - 4 slices of pizza
 n - 4 fruits
 q - a chunk of goblin flesh
Scrolls
 d - 3 scrolls of identify {unknown}
 i - a scroll of amnesia {unknown}
 j - a scroll of noise {unknown}
 m - a scroll of teleportation {unknown}
 r - a scroll of enchant weapon {unknown}
Potions
 f - a potion of confusion {unknown}
 g - a potion of mutation {unknown}
 k - a potion of invisibility {unknown}
 o - a potion of haste {unknown}
Books
 b - a book of Necromancy

   Spells                             Type                      Level
   *Pain                              Necromancy                   1
   *Animate Skeleton                  Necromancy                   1
   Vampiric Draining                  Necromancy                   3
   *Regeneration                      Charms/Necromancy            3
   Animate Dead                       Necromancy                   4
   Control Undead                     Necromancy                   4


   Skills:
 + Level 0.4 Fighting
 + Level 0.1 Short Blades
 + Level 0.3 Armour
 + Level 2.1 Dodging
 + Level 2.0 Stealth
 + Level 3.2 Spellcasting
 + Level 5.5 Necromancy


You had 4 spell levels left.
You knew the following spells:

 Your Spells              Type           Power        Failure   Level  Hunger
a - Pain                  Necr           ###.         4%          1    None
b - Animate Skeleton      Necr           N/A          4%          1    None
c - Regeneration          Chrm/Necr      ##........   34%         3    ###....


Dungeon Overview and Level Annotations

Branches:
Dungeon (3/15)

Altars:
Nemelex Xobeh


Innate Abilities, Weirdness & Mutations

You have sharp toenails.
A weak demonic guardian rushes to your aid.
Your flesh is heat resistant.


Message History

You kill the gnoll!
Your crimson imp barely misses the gnoll.
The gnoll misses your crimson imp.
Your crimson imp misses the gnoll.
You see here a flail.
The gnoll hits you with a halberd!
Your crimson imp barely misses the gnoll.
You see here a spear.
You barely miss the gnoll.
The gnoll is lightly wounded.
Your crimson imp closely misses the gnoll.
The gnoll hits you with a halberd!
* * * LOW HITPOINT WARNING * * *
A goblin comes into view. It is wielding a club.
Drink which item? (? for menu, Esc to quit)
Okay, then.
Unknown command.
Your crimson imp blinks!
The gnoll hits you from afar with a halberd!
You die...

#..........>...............
#.....#...(.........#.#....
#######.....#####...#.#
######.....#####...# #
#.....####...........
#....................#
#.........5..........#
#...........######.#+#
#..........)@(......g.
#......)....ยง)........
#.............g....)...
.......#####.....#...
....... #.....# .. .......
...%.... ...... #.........
..... #.....^.. ....
#.......


You could see a gnoll, a goblin (wandering) and a friendly crimson imp.

Vanquished Creatures
  3 adders (D:2)
  2 gnolls (D:3)
  3 worms (D:2)
  A giant gecko (D:1)
  3 oozes
  A ball python (D:2)
  7 bats
  4 goblins
  9 hobgoblins
  6 jackals
  4 giant cockroaches
  5 kobolds
  6 rats
54 creatures vanquished.

Notes
Turn   | Place    | Note
--------------------------------------------------------------
     0 | D:1      | Badjas, the Demonspawn Necromancer, began the quest for the Orb.
     0 | D:1      | Reached XP level 1. HP: 13/13 MP: 3/3
   478 | D:1      | Gained mutation: You have sharp toenails. [demonic ancestry]
   478 | D:1      | Reached XP level 2. HP: 17/19 MP: 1/4
   757 | D:1      | Found a sparkling altar of Nemelex Xobeh.
   832 | D:1      | Reached skill level 5 in Necromancy
  1147 | D:2      | Gained mutation: A weak demonic guardian rushes to your aid. [demonic ancestry]
  1147 | D:2      | Reached XP level 3. HP: 22/24 MP: 6/6
  1245 | D:2      | Learned a level 1 spell: Animate Skeleton
  1249 | D:2      | Learned a level 3 spell: Regeneration
  1636 | D:2      | Gained mutation: Your flesh is heat resistant. [demonic ancestry]
  1636 | D:2      | Reached XP level 4. HP: 27/31 MP: 6/8
  2075 | D:3      | HP: 1/31 [gnoll/halberd (12)]
  2076 | D:3      | Mangled by a gnoll

Action                   |  1- 3 |  4- 6 || total
-------------------------+-------+-------++-------
Melee: Short sword       |    27 |    35 ||    62
 Cast: Pain              |    60 |    27 ||    87
  Eat: Chunk             |     3 |     1 ||     4
       Bread ration      |     1 |       ||     1
